Map: Pillars of Gold LE

Players

Nina - Winner!

  • Race: Protoss Protoss
  • League: Grandmaster
  • Spawn Location: 1:00

CalebAracous

  • Race: Zerg Zerg
  • Spawn Location: 7:00

Event: The Miserable Cup

VOD

Have the link to the VOD?

Description

Time

  • Played on: June 20, 2020, 11:31 a.m.
  • Length: 5:04

All games in this series

Show
View Real Time Build Order
Export as new Build Order

Nina Protoss - Winner!

Build Orders: 1 Gate Expand, Oracle Opening 

Get SALT Encoding   

  12  0:01  Probe  
  13  0:13  Probe  
  14  0:20  Pylon  
  14  0:25  Probe  
  15  0:35  Probe  
  15  0:40  Gateway  
  16  0:44  Probe  
  16  0:48  Assimilator  
  17  0:52  Probe  
  18  1:04  Probe  
  19  1:17  Probe  
  20  1:27  Nexus  
  20  1:36  Cybernetics Core  
  20  1:39  Probe  
  21  1:44  Assimilator  
  21  1:51  Probe  
  22  1:57  Pylon  
  22  2:03  Probe  
  22  2:05  Adept  
  23  2:12  Probe  
  25  2:21  Probe  
  26  2:23  Stargate  
  26  2:26  Adept  
  27  2:30  Probe  
  30  2:37  Warp Gate  
  30  2:40  Probe  
  30  2:42  Probe  
  32  2:52  Probe, Gateway  
  32  2:54  Probe  
  34  3:07  Gateway  
  34  3:09  Oracle, Probe  
  35  3:18  Probe  
  39  3:21  Pylon, Probe  
  39  3:26  Adept  
  42  3:30  Probe  
  42  3:32  Pylon  
  42  3:33  Probe  
  44  3:41  Oracle  
  44  3:42  Probe  
  44  3:45  Probe  
  49  3:49  Shield Battery  
  49  3:54  Probe  
  50  3:56  Sentry  
  50  3:57  Probe  
  50  4:02  Pylon  
  53  4:06  Probe  
  53  4:09  Probe  
  55  4:13  Oracle, Shield Battery  
  55  4:15  Pylon  
  53  4:21  Gateway  
  53  4:23  Pylon  
  53  4:24  Probe x2  
  58  4:34  Assimilator  
  58  4:36  Probe x2  
  60  4:39  Assimilator  
  60  4:47  Stalker x2  
  60  4:48  Probe  
  67  5:02  Robotics Facility  
Show
View Real Time Build Order
Export as new Build Order

CalebAracous Zerg 

Build Orders: Hatch First 

Get SALT Encoding   

  12  0:01  Drone  
  13  0:13  Overlord  
  13  0:19  Drone  
  14  0:31  Drone x2  
  16  0:51  Hatchery  
  16  0:54  Drone  
  17  0:57  Drone  
  17  1:00  Drone  
  18  1:10  Extractor  
  17  1:16  Spawning Pool  
  16  1:21  Drone  
  16  1:23  Drone  
  18  1:35  Drone  
  19  1:48  Overlord  
  19  2:04  Zergling x6, Queen x2  
  26  2:11  Metabolic Boost  
  26  2:20  Drone x2  
  28  2:26  Drone  
  28  2:27  Drone  
  30  2:45  Hatchery  
  29  2:54  Roach Warren  
  28  3:05  Overlord  
  25  3:24  Zergling x8  
  29  3:35  Roach x5  
  29  3:39  Roach  
  41  3:49  Roach  
  41  3:50  Overlord  
  43  4:09  Zergling x12  
  48  4:19  Zergling x2  
  48  4:20  Zergling x6  
  48  4:22  Ravager x2  
  54  4:30  Overlord  
  54  4:34  Zergling x4  
  53  4:41  Ravager  
  53  4:43  Zergling x4  
Tags
 
Add a new tag
Caveats
  • Supply blocks, unpowered buildings, or Contaminate may cause inaccurate times.
  • Supply counts are checked every 10 seconds.